[Event "Titled Tuesday Blitz April 12 Early 2022"]
[White "Iskusnyh, Sergei"]
[Black "Petrova, Irina"]
[WhiteFideId "4120027"]
[BlackFideId "14124122"]
[WhiteElo "2492"]
[BlackElo "1993"]
[Result "1-0"]
[Round "05"]
[TimeControl "180+1"]
[Date "2022.04.13"]
[WhiteClock "0:00:47"]
[BlackClock "0:00:01"]

1. d4 d6 2. Nf3 g6 3. c4 Bg7 4. Nc3 Nc6 5. g3 Nf6 6. Bg2 O-O 7. O-O Bf5 8. d5 Na5 9. Nh4 Bd7 10. b3 c5 11. Qd3 a6 12. Bd2 Rb8 13. Rab1 b5 14. Ne4 Nxe4 15. Bxe4 e5 16. dxe6 Bxe6 17. Bd5 Bd7 18. Rfd1 Nc6 19. Nf3 Bf5 20. Be4 Bxe4 21. Qxe4 Nd4 22. Nxd4 Bxd4 23. e3 Be5 24. Qd3 Qc7 25. Bc3 bxc4 26. Qxc4 Bxc3 27. Qxc3 Rfe8 28. Rd5 Rb6 29. Rbd1 Re6 30. h4 Qb7 31. h5 Qa7 32. Rxc5 Re8 33. h6 f6 34. Rc7 Rb7 35. Rxb7 Qxb7 36. Qxf6 Rc8 37. Qxd6 Rf8 38. Qd5+ Qxd5 39. Rxd5 Kf7 40. Rd7+ Kf6 41. Rxh7 Rc8 42. Ra7 Kf5 43. h7 Ke4 44. Kg2 Rh8 45. b4 Kd3 46. Rc7 Kd2 47. a4 Ke2 48. b5 Rf8 49. f4 axb5 50. axb5 1-0


[Site "https://www.chess.com"]

[Event "Titled Tuesday Blitz April 12 Early 2022"]
[White "Jakubowska, Anna"]
[Black "Vusatiuk, Vladimir"]
[WhiteFideId "1121952"]
[BlackFideId "14118610"]
[WhiteElo "1924"]
[BlackElo "2157"]
[Result "1-0"]
[Round "05"]
[TimeControl "180+1"]
[Date "2022.04.13"]
[WhiteClock "0:01:32"]
[BlackClock "0:00:02"]

1. e4 c5 2. Nc3 Nc6 3. g3 g6 4. Bg2 Bg7 5. d3 d6 6. Nh3 e5 7. O-O Nge7 8. f4 O-O 9. f5 gxf5 10. exf5 Bxf5 11. Rxf5 Nxf5 12. Be4 Ncd4 13. Qh5 Qf6 14. Nd5 Qg6 15. Qd1 Rae8 16. c3 Nc6 17. g4 Nce7 18. Nxe7+ Nxe7 19. Bxg6 fxg6 20. Bg5 Nc6 21. Qe2 Kh8 22. Rf1 Rxf1+ 23. Qxf1 Rf8 24. Qe2 d5 25. Nf2 h6 26. Bd2 b5 27. Be3 d4 28. cxd4 cxd4 29. Bd2 Ne7 30. Ne4 Nd5 31. Nd6 Rf6 32. Nxb5 Rb6 33. a4 a6 34. Ba5 Rb7 35. Nd6 Rd7 36. Nc4 Nf4 37. Qe4 Rf7 38. Nxe5 Nh3+ 39. Kg2 Rf2+ 40. Kxh3 Bf6 41. Nxg6+ Kg7 42. Nf4 Bg5 43. Qg6+ Kf8 44. Bb4+ Be7 45. Ne6# 1-0


[Site "https://www.chess.com"]

[Event "Titled Tuesday Blitz April 12 Early 2022"]
[White "Janaszak, Dawid"]
[Black "Narayanan, Srinath"]
[WhiteFideId "1119206"]
[BlackFideId "5018420"]
[WhiteElo "2199"]
[BlackElo "2472"]
[Result "0-1"]
[Round "05"]
[TimeControl "180+1"]
[Date "2022.04.12"]
[WhiteClock "0:00:22"]
[BlackClock "0:00:13"]

1. e4 c5 2. Nc3 Nc6 3. Bb5 Nd4 4. Nf3 a6 5. Bd3 d6 6. Nxd4 cxd4 7. Ne2 e5 8. O-O Nf6 9. c3 dxc3 10. bxc3 Be7 11. Bc2 d5 12. exd5 Qxd5 13. Bb3 Qd3 14. Bc2 Qd5 15. Bb3 Qd3 16. Bc2 Qc4 17. Ng3 O-O 18. Nf5 Bxf5 19. Bxf5 e4 20. Qb3 Qc5 21. Bh3 b5 22. a4 Qh5 23. Qd1 Qe5 24. axb5 axb5 25. Rxa8 Rxa8 26. d4 Qc7 27. Qb3 Rb8 28. g3 Qc4 29. Qxc4 bxc4 30. Bg5 Rb3 31. Ra1 h6 32. Bd2 Ba3 33. Bf1 Bd6 34. Ra8+ Kh7 35. Bxc4 Rb2 36. Be3 Ng4 37. Bxf7 Nxe3 38. fxe3 Rb1+ 39. Kg2 Rb2+ 40. Kh3 Re2 41. Bd5 Rxe3 42. Re8 g5 43. Rxe4 Rxc3 44. Re6 Bf8 45. Be4+ Kg7 46. d5 Rc4 47. Kg2 Rd4 48. Kf3 Rd2 49. h3 Bc5 50. Kg4 Rd1 51. Rg6+ Kf7 52. Rxh6 Be3 53. Bf5 Rd4+ 54. Kf3 g4+ 55. hxg4 Bxh6 56. Be6+ Kf6 57. g5+ Bxg5 58. g4 Ra4 59. Ke2 Rf4 60. Kd3 Ke7 61. Ke2 Kd6 62. Kd3 Rb4 63. Kc2 Bf6 64. Kd3 Rf4 65. Ke2 Be5 66. Ke3 Ke7 67. g5 Rf1 68. Ke4 Bd6 69. g6 Rf4+ 70. Ke3 Kf6 71. Bf7 Kg7 72. Ke2 Rb4 73. Ke3 Be5 74. Kd3 Kf6 75. Ke3 Kg5 76. Kd3 Kf4 77. d6 Rd4+ 78. Kc3 Rxd6+ 79. Kc4 Bg7 80. Kc5 Rf6 81. Kd5 Kg5 82. Ke5 Rf2+ 83. Ke6 Re2+ 84. Kd5 Rf2 85. Ke6 Rf4 86. Kd5 Kf6 87. Kc5 Rh4 88. Kd5 Rh2 89. Kc5 Rd2 90. Kc4 Ke5 91. Kc5 Rd4 92. Kc6 Bf8 93. Kb5 Kd6 94. Bg8 Rf4 95. Bf7 Kd7 96. Kb6 Rb4+ 97. Ka5 Rb2 98. Ka4 Kc7 99. Ka5 Kb7 100. Ka4 Kb6 101. Bg8 Rb4+ 102. Ka3 Rg4+ 103. Ka2 Rxg6 0-1


[Site "https://www.chess.com"]

[Event "Titled Tuesday Blitz April 12 Early 2022"]
[White "Jaskolka, Tomasz"]
[Black "Lobachev, Yury"]
[WhiteFideId "1170791"]
[BlackFideId "24138177"]
[WhiteElo "2073"]
[BlackElo "2309"]
[Result "1-0"]
[Round "05"]
[TimeControl "180+1"]
[Date "2022.04.13"]
[WhiteClock "0:01:02"]
[BlackClock "0:01:39"]

1. d4 c5 2. d5 b5 3. a4 b4 4. e4 a5 5. b3 d6 6. Bb2 Nf6 7. Nd2 g6 8. f4 Bg7 9. Ngf3 O-O 10. Bd3 Re8 11. O-O Nxe4 12. Bxg7 Nxd2 13. Qxd2 Kxg7 14. f5 Nd7 15. Qg5 Ba6 16. fxg6 hxg6 17. Bxa6 Rxa6 18. Nh4 e6 19. Rxf7+ Kxf7 20. Qxg6+ 1-0


[Site "https://www.chess.com"]

[Event "Titled Tuesday Blitz April 12 Early 2022"]
[White "Jobava, Baadur"]
[Black "Sjugirov, Sanan"]
[WhiteFideId "13601520"]
[BlackFideId "4189302"]
[WhiteElo "2617"]
[BlackElo "2602"]
[Result "0-1"]
[Round "05"]
[TimeControl "180+1"]
[Date "2022.04.12"]
[WhiteClock "0:00:18"]
[BlackClock "0:00:16"]

1. b3 d5 2. Bb2 Bf5 3. d3 e6 4. Nd2 h6 5. g3 Nf6 6. Bg2 Be7 7. e4 Bh7 8. Ne2 a5 9. a4 O-O 10. O-O c6 11. Nf4 Na6 12. h4 Nb4 13. e5 Nd7 14. Re1 Re8 15. Nf3 Bf8 16. c3 Na6 17. d4 c5 18. Ba3 Rc8 19. g4 cxd4 20. Bxf8 Nxf8 21. cxd4 Nb4 22. Rc1 Bc2 23. Qd2 Bxb3 24. Nh5 Bc2 25. g5 Bg6 26. Rxc8 Qxc8 27. Rc1 Qd8 28. Nf6+ gxf6 29. gxf6 Kh7 30. Nh2 Bf5 31. Rc3 Ng6 32. Rg3 Rg8 33. Nf3 Nd3 34. h5 Ngf4 35. Bf1 Rxg3+ 36. fxg3 Qg8 37. Kh2 Qg4 38. Nh4 Be4 39. Qxa5 Nxh5 40. Ng2 Qxg3+ 41. Kg1 Qf2+ 42. Kh2 Bxg2 43. Bxg2 Ndf4 0-1


[Site "https://www.chess.com"]

[Event "Titled Tuesday Blitz April 12 Early 2022"]
[White "Johnson, Ben"]
[Black "Padmini, Rout"]
[WhiteFideId "2010917"]
[BlackFideId "5029295"]
[WhiteElo "2136"]
[BlackElo "2181"]
[Result "0-1"]
[Round "05"]
[TimeControl "180+1"]
[Date "2022.04.13"]
[WhiteClock "0:00:02"]
[BlackClock "0:00:54"]

1. Nf3 c5 2. c4 g6 3. d4 cxd4 4. Qxd4 Nf6 5. e4 Nc6 6. Qd3 Bg7 7. Nc3 O-O 8. Be2 d6 9. h3 Nd7 10. O-O Nc5 11. Qc2 Bxc3 12. bxc3 f6 13. a4 Be6 14. Be3 Na5 15. Rfd1 Qc8 16. Nd4 Bf7 17. Bh6 Re8 18. Bg4 Qb8 19. Rab1 Nxc4 20. Rb4 Ne5 21. Be2 Qc8 22. f4 Nc6 23. Nxc6 Qxc6 24. Bb5 Qc7 25. Bxe8 Rxe8 26. e5 dxe5 27. fxe5 Qxe5 28. Bf4 Qe6 29. Qf2 b6 30. Be3 Ne4 31. Qf4 Nxc3 32. Rd2 Nd5 0-1


[Site "https://www.chess.com"]

[Event "Titled Tuesday Blitz April 12 Early 2022"]
[White "Jumabayev, Rinat"]
[Black "Narayanan.S.L"]
[WhiteFideId "13702661"]
[BlackFideId "5058422"]
[WhiteElo "2561"]
[BlackElo "2494"]
[Result "1-0"]
[Round "05"]
[TimeControl "180+1"]
[Date "2022.04.12"]
[WhiteClock "0:00:05"]
[BlackClock "0:00:03"]

1. d4 Nf6 2. c4 g6 3. g3 c6 4. Bg2 d5 5. Nf3 Bg7 6. O-O O-O 7. Nbd2 Bf5 8. b3 Nbd7 9. Bb2 Ne4 10. Nh4 Nxd2 11. Qxd2 Be6 12. e4 dxe4 13. Bxe4 Nf6 14. Bg2 Qd7 15. Nf3 Bh3 16. Ne5 Qc8 17. Rfe1 Bxg2 18. Kxg2 Nd7 19. Ng4 Re8 20. d5 cxd5 21. cxd5 h5 22. Bxg7 Kxg7 23. Rac1 Qd8 24. Qh6+ Kg8 25. Ne3 Nf6 26. Rcd1 Rc8 27. Re2 Rc5 28. Red2 Qd7 29. d6 exd6 30. Rxd6 Qe7 31. Qf4 Kg7 32. h4 Qe4+ 33. Qxe4 Rxe4 34. R6d2 Re6 35. Rd6 Ree5 36. Kf3 Re7 37. R6d4 Rec7 38. R1d3 a5 39. Rc4 Rxc4 40. Nxc4 a4 41. Nb2 a3 42. Nc4 Rc5 43. Nxa3 Nd5 44. Nc4 Nb4 45. Rd2 b5 46. Ne3 Rc1 47. Rd7 Nc6 48. Rb7 Ra1 49. Ke4 Rxa2 50. f4 b4 51. f5 Ra5 52. fxg6 Re5+ 53. Kf4 Kxg6 54. Rb6 Re6 55. Nf5 Kf6 56. Ne3 Nd4 57. Rxb4 Ne2+ 58. Kf3 Nxg3 59. Nd5+ Ke5 60. Nf4 Rc6 61. Kxg3 Rc3+ 62. Kf2 Kf5 63. Ne2 Rd3 64. Rc4 Ke5 65. b4 Rb3 66. Rc5+ Ke4 67. Rxh5 Rxb4 68. Rg5 f6 69. Rg4+ 1-0


[Site "https://www.chess.com"]

[Event "Titled Tuesday Blitz April 12 Early 2022"]
[White "Kadam, Om Manish"]
[Black "Rudykh, Stepan"]
[WhiteFideId "45076294"]
[BlackFideId "4180321"]
[WhiteElo "1729"]
[BlackElo "2162"]
[Result "0-1"]
[Round "05"]
[TimeControl "180+1"]
[Date "2022.04.13"]
[WhiteClock "0:02:02"]
[BlackClock "0:02:12"]

1. e4 e6 2. d4 d5 3. Nd2 Nf6 4. e5 Nfd7 5. Bd3 c5 6. c3 Nc6 7. Ne2 cxd4 8. cxd4 f6 9. exf6 Nxf6 10. Nf3 Bd6 11. O-O Qc7 12. Bg5 O-O 13. Rc1 Bd7 14. a3 Be8 15. Bh4 Bh5 16. Ng3 Bxf3 17. Qxf3 Nxd4 18. Nh5 Nxf3+ 19. gxf3 Qf7 20. Nxf6+ gxf6 21. Kh1 Qh5 0-1


[Site "https://www.chess.com"]

[Event "Titled Tuesday Blitz April 12 Early 2022"]
[White "Kakulidis, Ellen"]
[Black "Vinod, Kumar Sharma"]
[WhiteFideId "1444972"]
[BlackFideId "5013518"]
[WhiteElo "1852"]
[BlackElo "2154"]
[Result "0-1"]
[Round "05"]
[TimeControl "180+1"]
[Date "2022.04.13"]
[WhiteClock "0:00:03"]
[BlackClock "0:00:44"]

1. Nf3 Nf6 2. c4 c6 3. g3 d5 4. d4 dxc4 5. Bg2 e6 6. Ne5 Nbd7 7. Nxc4 Be7 8. O-O Nb6 9. Ne5 Nbd7 10. Nc3 O-O 11. Qc2 Nxe5 12. dxe5 Nd5 13. Ne4 Qc7 14. f4 b6 15. a3 Ba6 16. b4 Rfd8 17. Bf3 c5 18. bxc5 bxc5 19. Kh1 Rac8 20. Nc3 Bb7 21. a4 Nb4 22. Qb2 Bxf3+ 23. Rxf3 a6 24. Be3 Qc6 25. Kg2 Nd5 26. Nxd5 exd5 27. a5 d4 28. Bg1 d3 29. exd3 Rxd3 30. Rf1 Rcd8 31. Qc1 Rd2+ 32. Kh1 Rd1 33. Qc4 R8d3 34. Rxd1 Qxf3# 0-1


[Site "https://www.chess.com"]

[Event "Titled Tuesday Blitz April 12 Early 2022"]
[White "Kaminski, Victor"]
[Black "Aitbayev, Aslan"]
[WhiteFideId "1131630"]
[BlackFideId "13704613"]
[WhiteElo "2181"]
[BlackElo "2385"]
[Result "0-1"]
[Round "05"]
[TimeControl "180+1"]
[Date "2022.04.13"]
[WhiteClock "0:00:04"]
[BlackClock "0:00:17"]

1. e4 d6 2. d4 Nf6 3. Nc3 g6 4. f4 Bg7 5. Nf3 O-O 6. a3 Nc6 7. d5 Nb8 8. Bd3 c6 9. dxc6 Nxc6 10. Be3 Bg4 11. h3 Bxf3 12. Qxf3 Rc8 13. O-O Nd7 14. Rab1 Na5 15. Ne2 Nc4 16. Bxc4 Rxc4 17. c3 Qa5 18. Bd4 e5 19. Be3 exf4 20. Bxf4 Ne5 21. Bxe5 Qxe5 22. Ng3 h5 23. Rfe1 Re8 24. Rf1 Re7 25. Rbd1 h4 26. Nh1 Rxe4 27. Nf2 Rf4 28. Qd5 Qxd5 29. Rxd5 Re2 30. Nd3 Rxf1+ 31. Kxf1 Rd2 32. Rxd6 Bh6 33. Rd7 Be3 34. b4 b5 35. Ne5 Rf2+ 36. Ke1 Rf5 37. Nf3 g5 38. Rd3 Bc1 39. c4 bxc4 40. Rd8+ Kg7 41. Rc8 Bxa3 42. Rxc4 Rb5 43. Rg4 Bxb4+ 44. Ke2 Be7 45. Nxh4 f5 46. Nf3 fxg4 47. hxg4 Rb2+ 48. Kd3 Rxg2 49. Nd4 Rg3+ 50. Ke2 Rxg4 51. Nf5+ Kf6 52. Nxe7 Re4+ 0-1


[Site "https://www.chess.com"]

[Event "Titled Tuesday Blitz April 12 Early 2022"]
[White "Karas, Marek"]
[Black "Muradov, Soltan"]
[WhiteFideId "14928558"]
[BlackFideId "14002108"]
[WhiteElo "2271"]
[BlackElo "1854"]
[Result "1/2-1/2"]
[Round "05"]
[TimeControl "180+1"]
[Date "2022.04.13"]
[WhiteClock "0:00:08"]
[BlackClock "0:00:05"]

1. d4 Nf6 2. Nf3 e6 3. c4 b6 4. a3 Bb7 5. Nc3 d5 6. cxd5 Nxd5 7. Qc2 Be7 8. e4 Nxc3 9. bxc3 O-O 10. Bd3 Nd7 11. O-O c5 12. Qe2 cxd4 13. cxd4 Rc8 14. Bb2 Nf6 15. Rad1 Qc7 16. Rfe1 Qf4 17. d5 exd5 18. e5 Ne4 19. g3 Qg4 20. Nd4 Qxe2 21. Rxe2 Nc3 22. Bxc3 Rxc3 23. Nb5 Rb3 24. a4 Rb4 25. Ra2 g6 26. Nxa7 Ra8 27. Nb5 Raxa4 28. Rc2 Bc5 29. Bf1 d4 30. Nd6 Bf3 31. Be2 d3 32. Rxd3 Ra1+ 33. Bf1 Rbb1 34. Rxf3 Rxf1+ 35. Kg2 g5 36. Nxf7 g4 37. Nh6+ Kg7 38. Nxg4 h5 39. Ne3 Rg1+ 40. Kh3 Ra4 41. Rf4 Rxf4 42. gxf4 Kg6 43. f5+ Kg5 44. f6 Kg6 45. Rc4 Re1 46. Re4 Kf7 47. Kg2 b5 48. Kf3 b4 49. Nc4 Rc1 50. Kf4 Ke6 51. f3 b3 52. Nb2 Ba3 53. Nd3 Rd1 54. Re3 b2 55. Nxb2 Bxb2 56. Re4 Rd5 57. Kg5 Rxe5+ 58. Rxe5+ Bxe5 59. Kxh5 Kxf6 60. Kg4 Kg6 61. f4 Bd4 62. h4 Kh6 63. h5 Bf6 64. Kf5 Ba1 65. Kg4 Bc3 66. f5 Bf6 67. Kf4 Kxh5 68. Ke4 Kg5 69. Kd5 Kg4 70. Ke6 Kg5 71. Kf7 Ba1 72. Ke6 Bf6 73. Kd5 Kf4 74. Ke6 Kg5 1/2-1/2


[Site "https://www.chess.com"]

[Event "Titled Tuesday Blitz April 12 Early 2022"]
[White "Kazakouski, Valery"]
[Black "Abdusattorov, Nodirbek"]
[WhiteFideId "13507443"]
[BlackFideId "14204118"]
[WhiteElo "2524"]
[BlackElo "2663"]
[Result "0-1"]
[Round "05"]
[TimeControl "180+1"]
[Date "2022.04.12"]
[WhiteClock "0:00:43"]
[BlackClock "0:01:10"]

1. d4 Nf6 2. c4 g6 3. g3 c6 4. Bg2 d5 5. Qa4 Bd7 6. Nf3 b5 7. cxb5 cxb5 8. Qd1 Nc6 9. O-O Bg7 10. Bf4 O-O 11. Ne5 e6 12. Nxc6 Bxc6 13. Nd2 Qb6 14. Rc1 Rfc8 15. Nb3 b4 16. Qd2 Ne4 17. Qe3 Qa6 18. f3 Nf6 19. Ra1 Nd7 20. Rfc1 Bb5 21. Bf1 Rc4 22. Qd2 Rac8 23. e3 Rxc1 24. Rxc1 Rxc1 25. Qxc1 Bxf1 26. Qxf1 Qxa2 27. Nc5 e5 28. Nxd7 exf4 29. Qc1 Qc4 30. Qa1 fxe3 31. Qxa7 h5 32. Qb8+ Kh7 33. Qe8 Qe2 0-1


[Site "https://www.chess.com"]

[Event "Titled Tuesday Blitz April 12 Early 2022"]
[White "Kejzar, Petra"]
[Black "Kucuksari, Kaan"]
[WhiteFideId "14610213"]
[BlackFideId "6380166"]
[WhiteElo "2003"]
[BlackElo "2305"]
[Result "0-1"]
[Round "05"]
[TimeControl "180+1"]
[Date "2022.04.13"]
[WhiteClock "0:00:10"]
[BlackClock "0:01:38"]

1. g3 Nf6 2. Bg2 d5 3. c4 c6 4. Nf3 Bg4 5. Qb3 Qb6 6. Ne5 Qxb3 7. axb3 Be6 8. O-O Nbd7 9. f4 Nxe5 10. fxe5 Nd7 11. d4 dxc4 12. bxc4 Bxc4 13. Nc3 e6 14. Bg5 Bb4 15. Ra4 a5 16. Rfa1 Nb6 17. Rxb4 axb4 18. Rxa8+ Nxa8 19. Ne4 O-O 20. Nd6 Bd5 21. Nxb7 Bxg2 22. Kxg2 Nb6 23. Be7 Rb8 24. Na5 Nd5 25. Bd6 Ra8 26. Nxc6 Ra2 27. e4 Rxb2+ 28. Kf3 Rb3+ 29. Kf2 Rb2+ 30. Kf3 Rb3+ 31. Kf2 Nc3 32. Bxb4 Nxe4+ 33. Kg2 g5 34. Be7 g4 35. Bd8 Rb2+ 36. Kg1 Nd2 37. d5 Nf3+ 38. Kf1 Nxh2+ 39. Ke1 Nf3+ 40. Kd1 exd5 41. Ne7+ Kf8 42. Nxd5 Ke8 43. Bf6 Rd2+ 44. Kc1 Rxd5 0-1


[Site "https://www.chess.com"]

[Event "Titled Tuesday Blitz April 12 Early 2022"]
[White "Khamdamova, Afruza"]
[Black "Mirzoev, Azer"]
[WhiteFideId "14210444"]
[BlackFideId "13400304"]
[WhiteElo "1660"]
[BlackElo "2525"]
[Result "0-1"]
[Round "05"]
[TimeControl "180+1"]
[Date "2022.04.13"]
[WhiteClock "0:00:24"]
[BlackClock "0:01:07"]

1. e4 c5 2. Nf3 d6 3. d4 cxd4 4. Nxd4 Nf6 5. Nc3 a6 6. Bg5 Nbd7 7. f4 b5 8. Qf3 Bb7 9. Bd3 e6 10. O-O-O Be7 11. g4 b4 12. Nce2 Nc5 13. Bxf6 Bxf6 14. g5 Bxd4 15. Nxd4 O-O 16. h4 Rc8 17. Kb1 a5 18. f5 e5 19. Ne2 d5 20. Ng3 dxe4 21. Bxe4 Nxe4 22. Rxd8 Nc3+ 23. Qxc3 bxc3 24. Rxf8+ Kxf8 25. Re1 f6 26. Ne4 Ke7 27. Nxc3 Rc4 28. Rh1 Bxh1 29. gxf6+ Kxf6 0-1


[Site "https://www.chess.com"]

[Event "Titled Tuesday Blitz April 12 Early 2022"]
[White "Khripachenko, Alexander"]
[Black "Rohith Krishna S"]
[WhiteFideId "54184975"]
[BlackFideId "46617051"]
[WhiteElo "2193"]
[BlackElo "2117"]
[Result "1/2-1/2"]
[Round "05"]
[TimeControl "180+1"]
[Date "2022.04.12"]
[WhiteClock "0:01:18"]
[BlackClock "0:01:02"]

1. e4 e5 2. Nf3 Nc6 3. Nc3 Nf6 4. d4 exd4 5. Nxd4 Bb4 6. Nxc6 bxc6 7. Bd3 O-O 8. O-O Re8 9. h3 d5 10. exd5 cxd5 11. Qf3 h6 12. Bf4 c6 13. Rad1 Bd7 14. Ne2 Ne4 15. c3 Bc5 16. Ng3 Ng5 17. Qh5 Qf6 18. Bxg5 Qxg5 19. Qxg5 hxg5 20. Rfe1 a5 21. b3 Ba3 22. Bf5 Bxf5 23. Nxf5 Bb2 24. Ne7+ Kf8 25. Nxc6 Rxe1+ 26. Rxe1 Bxc3 27. Rd1 d4 28. Kf1 a4 29. Nxd4 axb3 30. axb3 Rb8 1/2-1/2


[Site "https://www.chess.com"]

[Event "Titled Tuesday Blitz April 12 Early 2022"]
[White "Kobalia, Mikhail"]
[Black "Manolache, Marius"]
[WhiteFideId "4119150"]
[BlackFideId "1201530"]
[WhiteElo "2667"]
[BlackElo "2364"]
[Result "1-0"]
[Round "05"]
[TimeControl "180+1"]
[Date "2022.04.12"]
[WhiteClock "0:00:20"]
[BlackClock "0:00:16"]

1. e4 d6 2. d4 Nf6 3. Nc3 g6 4. f4 Bg7 5. Nf3 O-O 6. Bd3 Bg4 7. O-O Nc6 8. Be3 Nd7 9. e5 Nb6 10. h3 Bxf3 11. Qxf3 Nb4 12. Rad1 dxe5 13. dxe5 Nxd3 14. Rxd3 Qc8 15. Bc5 Re8 16. Rfd1 Qe6 17. Qxb7 Nc4 18. Rd7 Rab8 19. Qd5 Qxd5 20. Nxd5 Nxb2 21. Rb1 Na4 22. Nxe7+ Kh8 23. Rxb8 Rxb8 24. Bxa7 Ra8 25. Rxc7 Bf8 26. Rc8 Rxa7 27. Rxf8+ Kg7 28. Rg8+ Kh6 29. Nd5 Nc5 30. Nf6 Ne6 31. g3 g5 32. f5 Nd4 33. Rh8 Nxf5 34. g4 Nh4 35. Rxh7+ Kg6 36. Rh8 Rxa2 37. Rg8+ Kh6 38. Rc8 Nf3+ 39. Kf2 Nd4 40. Ne4 Rxc2+ 41. Rxc2 Nxc2 42. Ke2 Nd4+ 43. Ke3 Nc6 44. Nd6 Nxe5 45. Ke4 f6 46. Kf5 Nd7 47. Ke6 Nf8+ 48. Kxf6 Nd7+ 49. Kf5 Nc5 50. Nf7+ Kg7 51. Nxg5 Nd3 52. Ne4 Nf2 53. Nxf2 1-0


[Site "https://www.chess.com"]

[Event "Titled Tuesday Blitz April 12 Early 2022"]
[White "Korchmar, Vasiliy"]
[Black "Barp, Alberto"]
[WhiteFideId "24131750"]
[BlackFideId "872555"]
[WhiteElo "2370"]
[BlackElo "2229"]
[Result "1-0"]
[Round "05"]
[TimeControl "180+1"]
[Date "2022.04.13"]
[WhiteClock "0:01:09"]
[BlackClock "0:00:43"]

1. d4 Nf6 2. Bf4 g6 3. Nc3 d5 4. e3 Bg7 5. h4 h5 6. Nf3 Bg4 7. Be2 O-O 8. Ne5 Bxe2 9. Qxe2 Nbd7 10. O-O-O c6 11. f3 Rc8 12. g4 b5 13. Kb1 a5 14. Rhg1 Qe8 15. Qg2 b4 16. Ne2 hxg4 17. Nxg4 Nh5 18. Ng3 Nxf4 19. exf4 c5 20. Nf5 Rc6 21. h5 cxd4 22. hxg6 Rxg6 23. Rh1 e6 24. Qh3 f6 25. Nd6 1-0


[Site "https://www.chess.com"]

[Event "Titled Tuesday Blitz April 12 Early 2022"]
[White "Kosakowski, Jakub"]
[Black "Pesotskiy, Mikhail"]
[WhiteFideId "1185080"]
[BlackFideId "34164453"]
[WhiteElo "2454"]
[BlackElo "2010"]
[Result "1-0"]
[Round "05"]
[TimeControl "180+1"]
[Date "2022.04.12"]
[WhiteClock "0:01:51"]
[BlackClock "0:01:05"]

1. Nf3 Nf6 2. b3 b6 3. Bb2 Bb7 4. e3 e6 5. d4 Be7 6. Bd3 O-O 7. Nbd2 d5 8. O-O Nbd7 9. Qe2 Ne4 10. c4 c5 11. Rac1 Rc8 12. cxd5 exd5 13. Ba6 Bxa6 14. Qxa6 Nxd2 15. Nxd2 Nf6 16. dxc5 bxc5 17. Nf3 Qb6 18. Qe2 a5 19. Rfd1 Rfd8 20. Ne5 Bd6 21. Ng4 Nxg4 22. Qxg4 Bf8 23. Rxd5 Rxd5 24. Qxc8 Rd2 25. Ba3 Rxa2 26. Bxc5 1-0


[Site "https://www.chess.com"]

[Event "Titled Tuesday Blitz April 12 Early 2022"]
[White "Kosteniuk, Alexandra"]
[Black "Bryakin, Mikhail"]
[WhiteFideId "4128125"]
[BlackFideId "4165314"]
[WhiteElo "2469"]
[BlackElo "2417"]
[Result "1/2-1/2"]
[Round "05"]
[TimeControl "180+1"]
[Date "2022.04.13"]
[WhiteClock "0:00:09"]
[BlackClock "0:00:04"]

1. e4 c5 2. c3 Nf6 3. e5 Nd5 4. Nf3 g6 5. d4 cxd4 6. cxd4 Bg7 7. Bc4 Nb6 8. Bb3 O-O 9. Bf4 d6 10. exd6 exd6 11. O-O Nc6 12. h3 Na5 13. Bc2 Nd5 14. Bg3 Nc4 15. b3 Ncb6 16. Qd2 Ne7 17. Nc3 Bf5 18. Rac1 Bxc2 19. Rxc2 Nf5 20. Bf4 Qd7 21. Rfc1 Rac8 22. Ne4 Rxc2 23. Rxc2 Nd5 24. Bh2 Re8 25. Ng3 Nfe7 26. Rc1 Nc6 27. Ne2 a6 28. Nc3 Nxc3 29. Rxc3 d5 30. Rc5 Re4 31. Ne5 Bxe5 32. dxe5 d4 33. Bg3 Qf5 34. Rd5 Kg7 35. Kh2 h5 36. h4 Qe6 37. Rd6 Qf5 38. Rf6 Qd7 39. f4 Qg4 40. Rd6 Re3 41. Qf2 Rd3 42. e6 fxe6 43. Rd7+ Kf8 44. Rxb7 Ne7 45. Rb8+ Kf7 46. Rb7 Ke8 47. Rb8+ Kf7 48. Rb7 Ke8 49. Rb8+ Kf7 1/2-1/2


[Site "https://www.chess.com"]

[Event "Titled Tuesday Blitz April 12 Early 2022"]
[White "Kouskoutis, Georgios-Alexandros"]
[Black "Yanayt, Eugene"]
[WhiteFideId "4234049"]
[BlackFideId "2020165"]
[WhiteElo "2130"]
[BlackElo "2046"]
[Result "0-1"]
[Round "05"]
[TimeControl "180+1"]
[Date "2022.04.13"]
[WhiteClock "0:00:05"]
[BlackClock "0:00:23"]

1. c4 e5 2. g3 Nc6 3. Bg2 g6 4. Nc3 Bg7 5. e4 f5 6. exf5 Nf6 7. fxg6 hxg6 8. Nge2 d6 9. d3 Bh3 10. Bxh3 Rxh3 11. Bg5 Qd7 12. Bxf6 Bxf6 13. Nd5 Bg7 14. Qa4 O-O-O 15. Nec3 Qf7 16. O-O-O Qxf2 17. Rhf1 Qg2 18. Rf7 Rd7 19. Rxd7 Kxd7 20. Ne4 Rxh2 21. Qa3 Nd4 22. Ne3 Bh6 23. Nf6+ Ke6 24. Nd5 Qc2# 0-1


[Site "https://www.chess.com"]

[Event "Titled Tuesday Blitz April 12 Early 2022"]
[White "Lagumina, Giulio"]
[Black "Efremova, Yulia"]
[WhiteFideId "800619"]
[BlackFideId "14113953"]
[WhiteElo "2277"]
[BlackElo "2107"]
[Result "0-1"]
[Round "05"]
[TimeControl "180+1"]
[Date "2022.04.13"]
[WhiteClock "0:01:27"]
[BlackClock "0:01:54"]

1. e4 c6 2. d4 d5 3. e5 c5 4. dxc5 e6 5. a3 Bxc5 6. b4 Bb6 7. Nf3 Ne7 8. Bd3 Nf5 9. O-O a5 10. Bb2 axb4 11. axb4 Rxa1 12. Bxa1 Nc6 13. b5 Ncd4 14. Nbd2 Nxf3+ 15. Nxf3 Nh4 16. c4 dxc4 17. Bxc4 Qxd1 18. Rxd1 Nxf3+ 19. gxf3 Ke7 20. Bb2 Bc5 21. Kf1 b6 22. Ke2 Bb7 23. f4 Ra8 24. Rd2 Ra4 25. Bd3 Rxf4 26. Ke1 Bb4 0-1


[Site "https://www.chess.com"]

[Event "Titled Tuesday Blitz April 12 Early 2022"]
[White "Lamaze, Simon"]
[Black "Hess, Robert"]
[WhiteFideId "36069264"]
[BlackFideId "2022036"]
[WhiteElo "1999"]
[BlackElo "2557"]
[Result "0-1"]
[Round "05"]
[TimeControl "180+1"]
[Date "2022.04.13"]
[WhiteClock "0:00:20"]
[BlackClock "0:00:06"]

1. d4 g6 2. c4 Bg7 3. Nc3 c5 4. d5 Bxc3+ 5. bxc3 f5 6. g4 fxg4 7. h3 g3 8. fxg3 Qa5 9. Qd3 d6 10. Bg2 Nd7 11. Nf3 Nb6 12. O-O Nf6 13. e4 Qa4 14. e5 Bf5 15. Qe2 Ne4 16. g4 Ng3 17. Qe1 Nxf1 18. exd6 Qd7 19. gxf5 Qxd6 20. Qxf1 gxf5 21. Nh4 Rf8 22. Qf4 Qf6 23. Bd2 O-O-O 24. Re1 Qd6 25. Bf1 Rf7 26. Bd3 Rdf8 27. Re6 Qd7 28. Be1 Kd8 29. Bg3 Nc8 30. Kf2 Nd6 31. Nf3 Ne4+ 32. Ke2 Nxg3+ 33. Qxg3 f4 34. Qg5 Qa4 35. Qe5 Qxa2+ 36. Nd2 f3+ 37. Ke3 Qa5 38. Qb8+ Kd7 39. Qxb7+ Qc7 40. Qb5+ Kd8 41. Rc6 Qf4+ 42. Kf2 Qxd2+ 43. Kf1 Qxd3+ 44. Kf2 Qe2+ 45. Kg3 Qg2+ 46. Kh4 Rf4+ 47. Kh5 Qg6+ 48. Rxg6 hxg6+ 49. Kxg6 R4f6+ 50. Kg5 f2 51. Qb8+ Kd7 52. Qb7+ Ke8 53. Qc8+ Kf7 0-1


[Site "https://www.chess.com"]

[Event "Titled Tuesday Blitz April 12 Early 2022"]
[White "Lashkin, Jegor"]
[Black "Colas, Joshua"]
[WhiteFideId "13907808"]
[BlackFideId "2044447"]
[WhiteElo "2368"]
[BlackElo "2347"]
[Result "1-0"]
[Round "05"]
[TimeControl "180+1"]
[Date "2022.04.12"]
[WhiteClock "0:01:14"]
[BlackClock "0:01:19"]

1. Nf3 d5 2. e3 Nf6 3. b3 e6 4. Bb2 Be7 5. d4 O-O 6. Bd3 b6 7. O-O Bb7 8. Nbd2 Nbd7 9. Ne5 c5 10. f4 Rc8 11. Qf3 a6 12. Rad1 b5 13. c3 Qb6 14. Kh1 c4 15. Bb1 cxb3 16. axb3 Rc7 17. f5 exf5 18. Bxf5 Nxe5 19. dxe5 Nd7 20. Qh3 g6 21. Bxd7 h5 22. e6 f5 23. Qg3 Kh7 24. Nf3 1-0


[Site "https://www.chess.com"]